Cogmind - Beta 15 @@@ ROGUE MODE // 2025.09.07 @ 06:15:48 Player: Godsword Result: Self-destructed Performance ------------- Evolutions (2) 1000 Regions Visited (5) 1000 Robots Destroyed (34) 170 Value Destroyed (466) 466 Prototype IDs (3) 60 Alien Tech Used (0) 0 Bonus (0) 0 TOTAL SCORE: 2696 Bonus ------- None Cogmind --------- Core Integrity 354/550 Matter 300/300 Energy 26/100 System Corruption 0% Temperature Cool (0) Movement Flying (37) Location -8/Materials Parts ------- > --- POWER (1) -------- (None) > --- PROPULSION (5) --- Flight Unit Flight Unit > --- UTILITY (3) ------ Medium Storage Unit Weight Redist. System Authchip [Propulsion] > --- WEAPON (2) ------- Heavy Mace > --- INVENTORY (10) --- Cold Fusion Reactor Structural Scanner Sensor Array Improved Signal Interpreter Improved Terrain Scanner Terrain Scan Processor ECM Suite Authchip [R/NC] Authchip [Propulsion] Great Maul Peak State ------------ > --- POWER ------------ Backup Power I > --- PROPULSION ------- Improved Hover Unit Improved Hover Unit Flight Unit Flight Unit Flight Unit > --- UTILITY ---------- Medium Storage Unit Weight Redist. System Propulsion Shielding > --- WEAPON ----------- Heavy Mace > --- INVENTORY -------- Cold Fusion Reactor Structural Scanner Sensor Array Improved Signal Interpreter Improved Terrain Scanner Terrain Scan Processor ECM Suite Great Maul [Rating: 17] Favorites ----------- Power Light Ion Engine Engine Light Ion Engine Reactor Cold Fusion Reactor Propulsion Flight Unit Wheel Compact Wheel Hover Unit Improved Hover Unit Flight Unit Flight Unit Utility Medium Storage Unit Device Weight Redist. System Storage Medium Storage Unit Hackware Authchip [Propulsion] Protection Propulsion Shielding Weapon Light Assault Rifle Ballistic Gun Light Assault Rifle Launcher Grenade Launcher Impact Weapon Heavy Mace Build | -11 -10 -10 -9 -9 -8 ------- Run | Yrd Mat Min Mat Sto Mat Slots Evolved 4 | . . . 2 . 2 Power . | . . . . . . Propulsion 3 | . . . 2 . 1 Utility 1 | . . . . . 1 Weapon . | . . . . . . Parts Attached 29 | 7 1 4 6 3 8 Power 5 | 1 . 2 . 2 . Engine 4 | 1 . 2 . 1 . Core . | . . . . . . Reactor 1 | . . . . 1 . Propulsion 11 | 2 . 1 4 1 3 Treads . | . . . . . . Leg . | . . . . . . Wheel 3 | 2 . 1 . . . Hover 2 | . . . . . 2 Flight 6 | . . . 4 1 1 Utility 8 | 2 1 . 2 . 3 Device 4 | 1 . . 2 . 1 Storage 2 | 1 1 . . . . Processor . | . . . . . . Hackware 1 | . . . . . 1 Protection 1 | . . . . . 1 Artifact . | . . . . . . Weapon 5 | 2 . 1 . . 2 Energy Gun . | . . . . . . Energy Cannon . | . . . . . . Ballistic Gun 3 | 2 . 1 . . . Ballistic Cannon . | . . . . . . Launcher 1 | . . . . . 1 Special Weapon . | . . . . . . Impact Weapon 1 | . . . . . 1 Slashing Weapon . | . . . . . . Piercing Weapon . | . . . . . . Special Melee Weapon . | . . . . . . Unidentified Prototypes 1 | . . . . 1 . Parts Lost 12 | . . 1 1 . 10 Power 2 | . . . . . 2 Propulsion 6 | . . . 1 . 5 Utility 3 | . . 1 . . 2 Weapon 1 | . . . . . 1 Highest Loss Streak 6 | . . 1 1 . 6 To Critical Strikes . | . . . . . . Average Backups 7 | 1 8 9 9 9 8 Power . | . 1 . . . 1 Propulsion 1 | . 2 3 2 2 . Utility 4 | . 4 5 5 6 5 Weapon . | . 1 . 1 1 1 Tool/Special . | . . . . . . Unused Backups 13 | . 3 2 . . 8 Power . | . . . . . . Propulsion 2 | . 2 . . . . Utility 9 | . . 2 . . 7 Weapon 2 | . 1 . . . 1 Tool/Special . | . . . . . . Average Slot Usage (%) 87 | . 100 90 92 88 77 Engine 10 | . 14 14 11 11 6 Wheel 11 | . 28 28 . . . Hover 3 | . . . . . 9 Flight 18 | . . . 38 33 27 Device 7 | . 14 4 8 11 6 Storage 11 | . 14 14 11 11 9 Protection 2 | . . . . . 6 Ballistic Gun 17 | . 28 28 22 22 1 Impact Weapon 2 | . . . . . 7 Peak Build Rating 17 | 9 10 10 11 15 17 Average Rating 10 | 7 9 8 10 11 14 On Entrance 8 | . 9 10 7 10 12 Naked Turns . | . . . . . . Heaviest Build 22 | 12 17 17 16 17 22 Greatest Support 32 | 32 32 32 22 22 22 Greatest Overweight (x) 2 | 2 . . . . 1 Average Overweight (x) . | . . . . . . Largest Inventory Capacity 10 | 8 10 10 10 10 10 Average Capacity 9 | 7 9 10 10 10 10 Most Carried 10 | 6 10 10 10 10 10 Average Carried 7 | 1 8 9 9 9 8 Final Capacity 10 | 8 10 10 10 10 10 Final Carried 10 | 6 10 10 10 10 10 Class Distribution -------------------- 69% | Mutant 15% | Scavenger-Mutant 9% | Scavenger-Sprinter 4% | Sprinter Dominant Class ---------------- Mutant | -10/Materials Mutant | -10/Mines Scavenger-Sprinter | -9/Materials Scavenger-Mutant | -9/Storage Mutant | -8/Materials Resources | -11 -10 -10 -9 -9 -8 ----------- Run | Yrd Mat Min Mat Sto Mat Matter Collected 747 | 341 . 120 120 . 166 Remotely . | . . . . . . Salvage Created 934 | 209 68 132 120 . 405 Parts 49 | 16 6 7 9 . 11 Haulers Intercepted 3 | . 1 . 1 . 1 Recyclers Shooed 2 | 1 . 1 . . . Parts Field Recycled . | . . . . . . Retrieved Matter . | . . . . . . Parts Self-Destructed . | . . . . . . Prevented . | . . . . . . Kills | -11 -10 -10 -9 -9 -8 ------- Run | Yrd Mat Min Mat Sto Mat Combat Hostiles Destroyed 18 | . . 5 2 . 11 Melee 5 | . . . . . 5 Guns 7 | . . 5 2 . . Classes Destroyed 10 | 3 2 1 1 . 3 Worker 3 | 2 . . . . 1 Builder 1 | . 1 . . . . Tunneler 5 | 5 . . . . . Hauler 3 | . 1 . 1 . 1 Recycler 3 | 1 . 1 . . 1 Watcher 1 | . . . . . 1 Swarmer 12 | . . 5 . . 7 Grunt 4 | . . . 2 . 2 Duelist 1 | . . . . . 1 Sentry 1 | . . . . . 1 Best Kill Streak 7 | 6 1 4 2 . 7 Combat Bots Only 4 | . . 3 2 . 4 Max Kills in Single Turn 1 | 1 1 1 1 . 1 Gunslinging . | . . . . . . Exploded . | . . . . . . Melee 1 | . . . . . 1 Uniques/NPCs Destroyed . | . . . . . . Combat | -11 -10 -10 -9 -9 -8 -------- Run | Yrd Mat Min Mat Sto Mat Hostile Shots Fired 157 | . 1 33 19 24 80 Missed 56 | . . 9 8 14 25 Hits 101 | . 1 24 11 10 55 Melee 2 | . . . . . 2 Projectile 99 | . 1 24 11 10 53 Critical Strikes 4 | . . 2 1 . 1 Damage Taken 1173 | . 18 195 142 115 703 Core 377 | . . 50 72 59 196 Absorbed by Shields . | . . . . . . Redirected to Shielding 52 | . . . . . 52 Regen/Repaired (Parts) 16 | . . . . . 16 Core Remaining (%) 82 | 100 . 80 . 67 . Volleys Fired 71 | 30 6 19 12 2 2 Largest 2 | 2 2 2 2 2 1 Hottest 40 | 40 40 40 40 40 30 Shots Fired 140 | 60 12 38 24 4 2 Gun 138 | 60 12 38 24 4 . Cannon . | . . . . . . Launcher 2 | . . . . . 2 Special . | . . . . . . Kinetic 138 | 60 12 38 24 4 . Thermal . | . . . . . . Explosive 2 | . . . . . 2 Electromagnetic . | . . . . . . Robot Hit Streak 5 | 5 3 5 4 1 3 Robot Miss Streak 4 | 4 1 3 2 3 . Penetration Max . | . . . . . . Secondary Targets 2 | . . 2 . . . Max Gunslinging Chain 1 | . . 1 . . . Shots Hit Robots 100 | 34 7 18 16 1 24 Core Hits 33 | 12 3 7 7 . 4 Critical Kills 1 | . . . . . 1 Critical Parts Destroyed 5 | . . . . . 5 Critical Strikes 6 | . . . . . 6 Smash 6 | . . . . . 6 Melee Attacks 32 | . . . . . 32 Impact 32 | . . . . . 32 Slashing . | . . . . . . Piercing . | . . . . . . Sneak Attacks 3 | . . . . . 3 Combat Hostiles . | . . . . . . Follow-up Attacks . | . . . . . . Damage Inflicted 1970 | 366 75 183 133 10 1203 Guns 767 | 366 75 183 133 10 . Cannons . | . . . . . . Explosions 158 | . . . . . 158 Melee 1042 | . . . . . 1042 Ramming 3 | . . . . . 3 Kinetic 767 | 366 75 183 133 10 . Thermal . | . . . . . . Explosive 158 | . . . . . 158 Electromagnetic . | . . . . . . Impact 1042 | . . . . . 1042 Slashing . | . . . . . . Piercing . | . . . . . . Highest Corruption . | . . . . . . Average Corruption . | . . . . . . Corruption Purged . | . . . . . . Corruption Blocked . | . . . . . . Overload Shots . | . . . . . . Overflow Damage 569 | . . . . . 569 Projectiles . | . . . . . . Explosions 6 | . . . . . 6 Melee 563 | . . . . . 563 Knockbacks 3 | . . . . . 3 Impact 3 | . . . . . 3 Kinetic . | . . . . . . Secondary . | . . . . . . Self-Inflicted Damage 79 | . . . . . 79 Shots 2 | . . . . . 2 Rammed 1 | . . . . . 1 Targets Rammed 1 | . . . . . 1 Kicked . | . . . . . . Crushed . | . . . . . . Highest Temperature 16 | . . . 16 3 11 Average Temperature 5 | . . . 6 3 6 Received Heat Transfer 300 | . 9 . 66 63 162 Siege Activations . | . . . . . . Martial Activations . | . . . . . . Shielding Activations . | . . . . . . Robots Disrupted . | . . . . . . Combat Hostiles . | . . . . . . Robots Corrupted 10 | . . . . . 10 Combat Hostiles 6 | . . . . . 6 Parts Fried 9 | . . . . . 9 Impact Corruptions 20 | . . . . . 20 Robots Melted . | . . . . . . Combat Hostiles . | . . . . . . Parts Melted . | . . . . . . Heat Transferred . | . . . . . . Parts Sabotaged . | . . . . . . Parts Stolen . | . . . . . . Parts Stripped . | . . . . . . Power Chain Reactions . | . . . . . . Alert | -11 -10 -10 -9 -9 -8 ------- Run | Yrd Mat Min Mat Sto Mat Maximum Alert Level . | . . . . . . Low Security (%) 100 | 100 100 100 100 100 100 Level 1 . | . . . . . . Level 2 . | . . . . . . Level 3 . | . . . . . . Level 4 . | . . . . . . Level 5 . | . . . . . . High Security . | . . . . . . Max Security . | . . . . . . Peak Influence 152 | 10 7 90 54 109 152 Initial 45 | . . . 7 18 45 Average 40 | 1 . 52 17 42 88 Influence Increases 733 | 40 12 140 116 111 314 Destroy 0b10 Robot/C 360 | . . 100 40 . 220 Destroy 0b10 Robot/NC 80 | 40 10 5 5 . 20 Destroy Leader 78 | . 2 20 12 . 44 Successful Hack 38 | . . . 14 21 3 Destroy Structure 12 | . . . . . 12 Partial Spotted 60 | . . . 30 30 . Lose Combat Pursuer 105 | . . 15 15 60 15 Influence Decreases 614 | 40 12 120 92 46 304 Entered New Map 103 | . . . 13 26 64 Time Decay 391 | 40 12 110 69 20 140 Lost Part 120 | . . 10 10 . 100 Squads Dispatched 8 | . 2 . 1 2 3 Investigation 4 | . 1 . 1 . 2 Extermination . | . . . . . . Reinforcement 4 | . 1 . . 2 1 Assault . | . . . . . . Garrison . | . . . . . . Intercept . | . . . . . . Searches Triggered . | . . . . . . Construction Impeded 1 | . . . . . 1 Haulers Reinforced . | . . . . . . Active Scanning Responses . | . . . . . . Cargo Convoy Interrupts . | . . . . . . Stealth | -11 -10 -10 -9 -9 -8 --------- Run | Yrd Mat Min Mat Sto Mat Distress Signals 3 | . . . . . 3 Communications Jammed . | . . . . . . Distress Signals . | . . . . . . Times Spotted 46 | . 2 5 9 13 17 Peak Tracking Total 12 | . 3 3 4 12 7 Tactical Retreats 4 | . . 1 1 1 1 Traps | -11 -10 -10 -9 -9 -8 ------- Run | Yrd Mat Min Mat Sto Mat Traps Triggered 2 | . . . 1 . 1 Indirectly . | . . . . . . Trap Hack Attempts . | . . . . . . Triggered . | . . . . . . Disarmed . | . . . . . . Reprogrammed . | . . . . . . Reused . | . . . . . . Traps Extracted . | . . . . . . Installed . | . . . . . . Triggered . | . . . . . . Machines | -11 -10 -10 -9 -9 -8 ---------- Run | Yrd Mat Min Mat Sto Mat Machines Disabled . | . . . . . . Max in Single Turn . | . . . . . . Machines Repaired . | . . . . . . Machines Dismantled . | . . . . . . Machines Sabotaged . | . . . . . . Overloaded Fab Kills . | . . . . . . Hacking | -11 -10 -10 -9 -9 -8 --------- Run | Yrd Mat Min Mat Sto Mat Machines Accessed 8 | . 1 . 2 3 2 Terminals 5 | . . . 1 3 1 Fabricators . | . . . . . . Repair Stations 1 | . . . . . 1 Recycling Units 1 | . 1 . . . . Scanalyzers 1 | . . . 1 . . Garrison Access . | . . . . . . Total Hacks 20 | . 2 . 7 5 6 Successful 12 | . . . 5 3 4 Failed 8 | . 2 . 2 2 2 Catastrophic 2 | . 1 . 1 . . Database Lockouts . | . . . . . . Manual . | . . . . . . Terminals 11 | . . . 3 5 3 Fabricators . | . . . . . . Repair Stations 3 | . . . . . 3 Recycling Units 2 | . 2 . . . . Scanalyzers 4 | . . . 4 . . Garrison Access . | . . . . . . Terminal Hacks 5 | . . . 1 3 1 Prototype ID Bank 1 | . . . . 1 . Open Door 1 | . . . . 1 . Emergency Access Points 1 | . . . . 1 . Zone Layout 2 | . . . 1 . 1 Fabricator Hacks . | . . . . . . Repair Station Hacks 3 | . . . . . 3 Scan Component 1 | . . . . . 1 Repair 1 | . . . . . 1 Refit 1 | . . . . . 1 Recycling Unit Hacks . | . . . . . . Scanalyzer 4 | . . . 4 . . Insert Component 2 | . . . 2 . . Analyze 2 | . . . 2 . . Garrison Access Hacks . | . . . . . . Unauthorized Hacks . | . . . . . . Terminals . | . . . . . . Fabricators . | . . . . . . Repair Stations . | . . . . . . Recycling Units . | . . . . . . Scanalyzers . | . . . . . . Garrison Access . | . . . . . . Data Cores Recovered . | . . . . . . Used . | . . . . . . Hacking Detections 6 | . 1 . 2 2 1 Full Trace Events 3 | . 1 . 1 . 1 Feedback Events . | . . . . . . Feedback Blocked . | . . . . . . Robot Schematics Acquired . | . . . . . . Robots Built . | . . . . . . Authchips . | . . . . . . Time . | . . . . . . Total Robot Build Rating . | . . . . . . Part Schematics Acquired 2 | . . . 2 . . Parts Built . | . . . . . . Authchips . | . . . . . . Time . | . . . . . . Total Part Build Rating . | . . . . . . Parts Repaired 1 | . . . . . 1 Time 26 | . . . . . 26 Parts Recycled . | . . . . . . Recycled Matter . | . . . . . . Retrieved Matter . | . . . . . . Retrieved Components . | . . . . . . Parts Scanalyzed 2 | . . . 2 . . Part Schematics Acquired 2 | . . . 2 . . Parts Damaged . | . . . . . . Bothacking | -11 -10 -10 -9 -9 -8 ------------ Run | Yrd Mat Min Mat Sto Mat Used RIF Installer . | . . . . . . Robots Hacked . | . . . . . . Non-combat . | . . . . . . Combat . | . . . . . . Robot Hacks Applied . | . . . . . . Relay Couplers Released . | . . . . . . Fabnet Peak Effective % . | . . . . . . Robots Rewired . | . . . . . . Allies Hacked . | . . . . . . Hacks Repelled . | . . . . . . Allies | -11 -10 -10 -9 -9 -8 -------- Run | Yrd Mat Min Mat Sto Mat Total Allies . | . . . . . . Largest Group . | . . . . . . Highest-Rated Group . | . . . . . . Highest-Rated Ally . | . . . . . . Total Orders . | . . . . . . Ally Attacks . | . . . . . . Total Damage . | . . . . . . Kills . | . . . . . . Allies Corrupted . | . . . . . . Allies Melted . | . . . . . . Intel | -11 -10 -10 -9 -9 -8 ------- Run | Yrd Mat Min Mat Sto Mat Active Infowar (turns) 303 | 90 121 77 2 . 13 Terrain 303 | 90 121 77 2 . 13 Robot Analysis Total . | . . . . . . Derelict Logs Recovered . | . . . . . . Drone Launches . | . . . . . . Drone Recoveries . | . . . . . . Exploration | -11 -10 -10 -9 -9 -8 ------------- Run | Yrd Mat Min Mat Sto Mat Turns Passed 1070 | 210 121 229 169 56 285 Spaces Moved 993 | 111 93 124 298 132 235 Core 5 | 5 . . . . . Treads . | . . . . . . Legs . | . . . . . . Wheels 323 | 106 93 124 . . . Hover 37 | . . . . . 37 Flight 628 | . . . 298 132 198 Fastest Speed 31 | 50 100 100 31 31 31 Average Speed 57 | 99 100 100 32 33 42 Slowest Speed 150 | 150 100 100 34 34 116 Overloaded Moves . | . . . . . . Propulsion Burnouts . | . . . . . . Robots Hopped 2 | . . . 1 1 . Potential Cave-ins . | . . . . . . Cave-ins Triggered . | . . . . . . Exploration Rate (%) 26 | 7 20 33 29 39 33 Regions Visited 5 Branch Regions 2 Pre-discovered Areas . | . . . . . . Known Exits Taken . | . . . . . . Unknown Exits Taken 5 | 1 1 1 1 1 . Scrap Searched . | . . . . . . Spaces Dug . | . . . . . . Terrain Destroyed 19 | . . . . . 19 Melee . | . . . . . . Projectile . | . . . . . . AOE 19 | . . . . . 19 Terrain Rammed . | . . . . . . Walls Destroyed . | . . . . . . Machines Disabled . | . . . . . . Actions | -11 -10 -10 -9 -9 -8 --------- Run | Yrd Mat Min Mat Sto Mat Total 1311 | 153 112 197 349 138 362 Wait 139 | . . 42 28 . 69 Move 984 | 110 92 123 295 129 235 Hop 2 | . . . 1 1 . Pick Up 29 | 6 8 3 4 1 7 Fast Attach 14 | 7 . 1 1 2 3 Attach 12 | . . . 3 1 8 Detach 2 | . . . 1 . 1 Swap 7 | . 1 3 2 . 1 Drop 18 | . 5 6 2 2 3 Fire 71 | 30 6 19 12 2 2 Melee 32 | . . . . . 32 Ram 1 | . . . . . 1 Kick . | . . . . . . Crush . | . . . . . . Escape Stasis . | . . . . . . Rewire . | . . . . . . Trap . | . . . . . . Miscellaneous . | . . . . . . Route ------- -11/Scrapyard -10/Materials -10/Mines -9/Materials (discovered 2 exits: Mat / *Sto) -9/Storage -8/Materials History --------- Turn | Location | Event 12 | -11/Scrapyard | Discovered new exit (range 16) 211 | -11/Scrapyard | Entered Materials 303 | -10/Materials | Discovered new exit (range 7) 319 | -10/Materials | Build established: Mutant 332 | -10/Materials | Entered Mines 435 | -10/Mines | YI-UF0 nonchalantly dropped a Grenade Launcher on the ground 554 | -10/Mines | Discovered new exit (range 7) 561 | -10/Mines | Entered Materials 561 | -9/Materials | Evolved 2 slots: Propulsion x2 715 | -9/Materials | Discovered new exit (range 8) 715 | -9/Materials | Discovered new exit (range 11) 730 | -9/Materials | Entered Storage 777 | -9/Storage | Discovered new exit (range 9) 786 | -9/Storage | Entered Materials 786 | -8/Materials | Evolved 2 slots: Propulsion x1, Utility x1 877 | -8/Materials | Lost 3 parts (1n1u1w) 966 | -8/Materials | Repaired Flight Unit 1071 | -8/Materials | Self-destructed Last Messages --------------- (Smash). 01026_ Destroyed Heat Sink. 01026_ Y-45 Defender system corrupted by crushing effect. 01027_ Y-45 Defender system terminally corrupted. 01033_ Sneak attack on A-02 Transporter. 01033_ Destroyed Transport Network Coupler. 01033_ Destroyed Weight Redist. System. 01033_ A-02 Transporter system corrupted by crushing effect. 01034_ A-02 Transporter system terminally corrupted. 01034_ Ion Engine fried. 01036_ Acquired Authchip [Propulsion]. 01038_ Acquired Authchip [R/NC]. 01039_ Acquired 10 matter. 01040_ Acquired Authchip [Propulsion]. 01050_ Flight Unit destroyed. 01060_ Critical hit (Burn: +37). Map ----- +----------------------------------------------------+ | ??????????????###??????????? | | ?????????????# ??????????? | | ?????????????# ?????????? | | ?????????????# ?????????? | | ?????????????# #??#??????? | | ?????????????# #??# ?????? | | ?????????????# #??# ????? | | ??????????#### #??# #### | | ??????????? #??# | | ???????????? #??# | | ????????????? #??# | | ?????????????# #?######### | | ?????????????# #?# """ # | | ?????????????# #?# """ # | | ?????????????# ### """ %+ | | ????????###### ! + =# | | ????????# ! ### = # | | ????????# ####!%!#?######### | | ????????# #####+#####??????# | | ######??# # #??????? | | # #??# # #??????? | | # #??# # #??????? | | # #??# # """ """ #??????? | | # #??# # """ """ #??????? | | # #### # """ """ #??????? | | # @ /g Y g #??????? | | # ###### #??????? | | # #????######### #??????? | | # #?????????????##??????? | | #####??????????????????????? | | | | | | | | | | | | | | | | | | | | | | | | | | | | | | | | | | | | | | | | | +----------------------------------------------------+ Best States ------------- Heat Dissipation 31 Energy Generation 10 Energy Capacity 250 Matter Stores 300 Matter Capacity 300 Sight Range 16 Terrain Scan Range 16 Terrain Scan Density 10 Additional Mass Support 6 Propulsion Shielding 33 Evasion (%) 63 Authchip Count 3 Item Schematics ----------------- Propulsion Shielding | -9/Materials | Scanalyzed Sensor Array | -9/Materials | Scanalyzed Robot Schematics ------------------ None Fabricated ------------ Nothing Repaired ---------- Flight Unit | 20% | -8/Materials Alien Tech Used ----------------- None Achievements -------------- None Challenges ------------ None Game ------ Seed RapidProcessingSplitter Manual? 0 Play Time 00:17:21 Cumulative 17.0 hours Start 2025.09.07 @ 06:00:30 End 2025.09.07 @ 06:15:48 Sessions 1 Manual Loads 0 Difficulty Rogue Special Mode None Game No. 48 Rogue 48 Adventurer 0 Explorer 0 Win Type - Total 0 Types 0/0/0/0/0/0/0/0/0/0 Lore% 16 Gallery% 22 Achievement% 24 Wizard Run 0 Options --------- Layout 2 ASCII 0 Keyboard 0 Movement Mouse Keybinds 0 Fullscreen 2 Font 24/Smallcaps Map View 50x44 Zoom Use 0% Tactical HUD 1 Map Filters NONE Filters NONE Steam 1 RUN: 742cd551-9d2e-4e7b-86cf-869397ff176c